[Event "Susan Polgar Foundation National Open f"]
[Site "Bellevue Hyatt, Bellevue, WA"]
[Date "2021.10.03"]
[Round "4"]
[White "Razmov, Gabriel"]
[Black "Zhou, Leonardo"]
[Result "1-0"]
[ECO "C54"]
[WhiteElo "1516"]
[BlackElo "1664"]
[Annotator "Gabriel Razmov"]
[PlyCount "107"]
[EventDate "2021.??.??"]
[TimeControl "3600+5"]

{[%evp 0,107,27,10,31,26,22,4,8,12,3,2,11,0,19,19,27,23,30,29,32,31,21,23,23,
31,80,53,55,57,55,68,54,59,27,-72,-31,-94,-111,-93,-58,-58,-80,-123,-90,-85,
-104,-47,185,216,210,283,233,278,307,439,506,514,552,571,972,993,1052,1107,
1107,1017,1027,655,655,670,696,711,707,580,628,617,617,617,636,621,680,661,818,
753,939,945,988,617,703,746,841,807,882,544,544,537,599,613,719,433,450,131,
132,132,171,188,216,205,260,260] This game was played in round 4 of 6 at the
Susan Polgar National Open for Girls & Boys. I had a good day 1 (rounds 1-3),
winning my first game and drawing Class B and Class A players after that. I
was hoping to get in contention for first place, and this game was critical.} 
1. e4 e5 2. Nf3 Nc6 3. Bc4 Bc5 4. c3 Nf6 5. b4 Bb6 6. d3 d6 7. O-O h6 8. a4 a6
9. h3 O-O 10. Nbd2 d5 11. exd5 ({Another option, although not necessarily
better, was} 11. Bb3 d4 12. Nc4 dxc3 13. Nfxe5 Nd4 14. Nxb6 cxb6 15. Be3) 11...
Nxd5 12. Ne4 Bf5 $6 (12... Be6) 13. Qb3 Nf6 14. Re1 $6 (14. Rd1) 14... Qe7 15.
Ba3 {Around here I thought I would be winning out of the opening, but soon
enough, I realized it wasn't quite so easy!} Qd7 {White retains about a +2
advantage here, but now there are no tactics for them.} 16. a5 {Frustrated, I
tried to win material but as my minutes burned away, I couldn't find a good
line.} (16. Nxf6+ gxf6 17. Bc1 $1 Bxh3 18. Re4 $1 {is promising, in hindsight})
(16. b5 $2 Na5 $1 {and there is nothing here.}) 16... Ba7 17. Rad1 $6 (17.
Nxf6+ gxf6 18. Bc1 {aiming at the kingside.}) 17... Bxh3 $1 {A nice sacrifice,
due to a lot of White pieces concentrated on the queenside. This is a move
which forces White to be extremely precise. Unfortunately, I was already not
in the mood to play this type of game, since I couldn't win material earlier
on the queenside, and this move got me off balance a little bit.} 18. gxh3 Qxh3
19. Nxf6+ $4 {Now Black is winning, as they could utilize the open g-file
against the white king!} (19. Nh2 {I considered this, but I couldn't work out}
Nxe4 20. Rxe4 Qg3+ 21. Kh1 Bxf2 $4 {My calculations stopped here, and I
thought I must be in a dangerous position here! Unfortunately, my calculations
were wrong. As it turns out,} 22. Rf1 $1 {was winning, due to Rg4 next move.}
Kh8 23. Rg4 Qe3 24. Bc1) 19... gxf6 20. Nh2 Bxf2+ $4 (20... Kh8 $1 {This
leaves Black winning, since even} 21. Bxf7 {doesn't work:} Rg8+ 22. Bxg8 Rxg8+
{and White must give up their Queen.}) 21. Kxf2 Qxh2+ 22. Ke3 Qf4+ 23. Ke2 {
At this point, I thought he would go for the repetition, but surprisingly he
didn't.} Rae8 $4 (23... Qh2+ {=}) 24. Rg1+ $1 {An only winning move. From here,
I calculated up to about move 28.} Kh8 25. Rdf1 $1 Qh2+ 26. Kd1 e4 (26... Qh5+
27. Kc1) 27. Rh1 Qg2 28. Rxh6+ Kg7 {This is the crucial position. There is an
only way to win (that is your hint), but what is it?} 29. Rhh1 $1 ({Not} 29.
Rfh1 $2 Rh8 {=}) 29... e3 30. Rfg1 e2+ 31. Ke1 Qg5 32. Bc1 Ne5 33. Rxg5+ $6 {
This move was due to a hallucination.} (33. Bxg5 Nf3+ 34. Kf2 e1=Q+ 35. Rxe1 {
+- is an easier win instead}) 33... fxg5 34. Kxe2 $6 {A brave move, but I am
up so much material I can afford such inaccuracies and still retain a winning
position.} (34. Be3 $1 {A nice blocking move, which then wins the pawn on e2
without losing the c4-Bishop.} Nxc4 35. Qxc4 Rxe3 $2 36. Qd4+) 34... Nxc4+ 35.
Kd1 Ne5 36. d4 $6 {I have no idea why I did not take the g-pawn now.} (36. Bxg5
) 36... Ng4 {From here onward White is trying to consolidate and eliminate
dangerous counterplay, but Black manages to stir things up anyway. Time on the
clocks also becomes an increasingly influential factor for the rest of the
game.} 37. Qc2 f5 38. Bxg5 Re4 39. Qb2 Kg8 40. Bh6 Rf7 41. Qd2 Rf6 42. Qg5+ Kf7
43. Qd2 f4 44. Bg5 Rf5 45. Qa2+ Kg7 46. Bh4 (46. Bh6+ $1 Nxh6 $2 47. Qg2+)
46... f3 47. Qb1 Ne3+ 48. Kd2 Rxh4 49. Rxh4 $2 (49. Qg1+ Rg4 50. Qxe3) 49... f2
50. Qxf5 $6 (50. Rh1 {is simpler}) 50... Nxf5 51. Rf4 Ng3 52. Rxf2 Ne4+ 53. Ke3
Nxf2 54. Kxf2 {White is lucky that after all the fireworks they're left with a
solid extra pawn in the king-and-pawn endgame, leading to a simple technical
win. I stopped notating here, as our clocks were quite low (~2 minutes left
for me and ~30 seconds for him). In the end, White went on to win, as expected,
from this position.} 1-0

[Event "2021 WA G/15 Championship"]
[Site "Orlov Chess Academy (Greenlak"]
[Date "2021.10.17"]
[Round "2"]
[White "Corey-Derrah, Alan"]
[Black "Razmov, Valentin"]
[Result "0-1"]
[ECO "B01"]
[WhiteElo "1771"]
[BlackElo "1986"]
[Annotator "Valentin Razmov"]
[PlyCount "87"]
[EventDate "2021.??.??"]
[TimeControl "900+10"]

1. e4 d5 2. exd5 Qxd5 3. Nf3 Nf6 4. d4 Bf5 {Letting White develop
an initiative thanks to their potential mobile center. More common is:} (4...
Bg4) 5. Nc3 {Transposing to the mainline after 3.Nc3, thus blocking the c-pawn
and missing the opportunity to put pressure on Black using:} (5. c4 $5) 5...
Qa5 6. Bd2 {A commonly played move at the club level, but in reality not as
dangerous as it looks.} c6 7. a3 e6 8. Ne4 Qc7 {Not fearing the exchange on f6
with doubling of Black's pawns. An alternative is 8...Qd8.} 9. Nxf6+ gxf6 10.
Bc3 $6 {This promising looking spot for the bishop will become a liability in
the near future. More to the point are the alternatives involving the push of
the c-pawn:} (10. c4) (10. c3) 10... Nd7 11. Qd2 (11. g3) 11... Nb6 12. O-O-O
Nd5 13. Kb1 Bd6 {Black is already quite comfortable by this point.} 14. g3 b5
$6 {Although not a common idea for Black in this opening, the queen-side
attack seemed tantalizing and I decided that it's worth trying at least for
the learning experience of doing it. But there was a better way to start that
queen-side campaign...} (14... a5 {∓}) 15. Ba5 {Correctly blockading the
dark squares and thus slowing down Black's queen-side progress considerably.}
Qb7 16. Bg2 $2 {This looks promising as a developing and solidifying move, but
is in fact too slow given the dynamic nature of the position. Both players
still had plenty of time left on the clocks: nearly 10 minutes each out of the
original 15 (plus delay).} (16. Nh4) 16... b4 $1 {Taking advantage of White's
slow-down...} 17. axb4 Bxb4 18. Bxb4 Nxb4 {Now the dark squares on the
queen-side are once again unblocked and Black is ready to attack. It felt good
to be having this promising position as Black.} 19. Ne1 Rb8 20. Qc3 Qa6 {
Black's moves come naturally and are strong. White has its back against a wall,
and is playing forced moves to defend.} 21. Nd3 $6 (21. Qc5) 21... Qa2+ 22. Kc1
Nxd3+ 23. cxd3 O-O $2 {Black trembles at the prospect of having the king left
in the center with White's queen and bishop eyeing the c6-pawn with check!
More than that, this prophylactic move releases the pressure on White and
gives them a chance to eliminate one of the main threats to their position --
with a forced queen exchange. Both players had roughly 5 minutes left on the
clocks at this point.} (23... Rb3 $1 {Gutsy and strong -- the black king can
safely hide on g7, if needed.} 24. Qc2 O-O 25. Qb1 {-+}) 24. Be4 $2 (24. Qa3 $1
Qxa3 25. bxa3 Rb3 {∓ and although Black has all the chances, White can have
reasonable hopes to survive in the end.}) 24... Rb3 25. Qc2 Rfb8 26. Rd2 Bxe4
27. dxe4 R8b4 {White's position is at a breaking point. But will Black find
the way to crack it with 2 minutes left on the clock?} 28. Qb1 {Black has a
game-ending strike here and was in fact looking for that, but somehow missed
it! Can you spot it?} Qa4 $6 {Missing the effective and efficient way to end
the attack and win the game...} (28... Rc3+ $1 29. Rc2 Rxc2+ 30. Qxc2 (30. Kxc2
Qc4+ 31. Kd1 Qxd4+ 32. Ke1 Rxb2 {-+}) 30... Rc4 {-+}) 29. Rhd1 Rc4+ $6 {
From here onward, the game was strongly influenced by the clock: both sides
had about 1 minute left (plus delay).} 30. Rc2 Rxd4 31. Rxd4 Qxd4 32. Rxc6 Qxf2
33. Qc2 Qe1+ 34. Qd1 Qxd1+ 35. Kxd1 Rxb2 {Simplifying to a manageable and
promising endgame that is easier to play (compared to an endgame with queens
still left on the board) given the extra material Black has.} 36. Ra6 Rxh2 37.
Rxa7 Rg2 38. Ra3 Kg7 39. Ke1 Kg6 40. Kf1 Rb2 41. Re3 Kg5 42. Kg1 Kg4 43. Kf1
Kh3 {Black decides to avoid pawn exchanges until the time is right -- lest
White manages to transition to the notorious drawn rook endgame with only f-
and h-pawns left.} 44. Rf3 {With seconds left on the clock, I stopped notating
here. The game concluded after one more pawn was exchanged and Black (somehow)
managed to trade rooks with a skewer on the f-file, leading to a king-and-pawn
endgame with no chances for White to survive.} 0-1